AoeStats
← Snackbar Chez Raymond

Arabian Desert

510154567Analyzed
1v1 RM · 2d ago on Sep 29, 2026· 37m 16s· 2 players
Game mode
Random Map
Map size
Tiny (2 player)
Population
200
Speed
Normal
Resources
Standard
Victory
Conquest
Starting age
Dark Age
Ending age
Imperial Age
RankedLock teamsTeams togetherTeam positionsShared explorationLock speedFull tech treeHidden civsTurbo modeCheats
Victory
Defeat
955
+15
🇺🇸 Varangians · United States
930
-15
U_no_pig
8:03 Loom
11:37 Feudal Age
11:38 Man-at-Arms
16:31 Double-Bit Axe
18:36 Fletching
19:15 Padded Archer Armor
19:18 Town Watch
21:07 Wheelbarrow
24:24 Castle Age
Snackbar Chez Raymond
12:14 Feudal Age
10:32 Loom
12:17 Feudal Age
18:55 Wheelbarrow
20:23 Castle Age
18:24 Double-Bit Axe
19:34 Fletching
28:21 Horse Collar
31:06 Scale Barding Armor
33:19 Wheelbarrow
38:17 Imperial Age
36:30 Heavy Plow
36:42 Bow Saw
36:56 Gold Mining
Connection lost

Rejoining the realm…

Still unreachable

The connection could not be restored.

Session expired

The server has moved on; the page needs a fresh start.